 Dungeon Crawl Stone Soup version 0.26-a0-682-g294304f6e8 (webtiles) character file.

Game seed: 10741672557455432942

2199 jasper the Spear-Bearer (level 9, 0/66 HPs)
             Began as a Palentonga Fighter on Oct 20, 2020.
             Was a Follower of Hepliaklqana.
             Slain by a hornet (9 damage)
             ... on level 8 of the Dungeon.
             The game lasted 00:11:10 (6100 turns).

jasper the Spear-Bearer (Palentonga Fighter)        Turns: 6100, Time: 00:11:10

Health: 0/66       AC: 11    Str: 22    XL:     9   Next: 12%
Magic:  9/9        EV:  4    Int:  9    God:    Hepliaklqana [*.....]
Gold:   324        SH:  9    Dex: 10    Spells: 8/8 levels left

rFire    . . .     SeeInvis +   a - +0 trident
rCold    . . .     Faith    .   c - +0 kite shield
rNeg     . . .     Spirit   .   f - +0 chain mail
rPois    .         Reflect  .   d - +0 helmet
rElec    .         Harm     .   (no cloak)
rCorr    .         Rampage  .   r - +1 pair of gloves
MR       .....                  (no barding)
Stlth    ..........             k - amulet of regeneration
HPRegen  0.61/turn              (no ring)
MPRegen  0.11/turn              (no ring)

@: lethally poisoned (0 -> 0), slowed, very slow
A: large, reduced essence, rugged brown scales 3, see invisible, deformed body,
roll, armoured tail
a: Rolling Charge, Recall Ancestor, Ancestor Identity, Renounce Religion


You were on level 8 of the Dungeon.
You worshipped Hepliaklqana.
Hepliaklqana was aware of your devotion.
You visited 2 branches of the dungeon, and saw 10 of its levels.

You collected 324 gold pieces.

Inventory:

Hand Weapons
 a - a +0 trident (weapon)
Missiles
 l - 4 boomerangs (quivered)
 m - 10 poisoned darts
Armour
 b - a +0 scale mail
 c - a +0 kite shield (worn)
 d - a +0 helmet (worn)
 f - a +0 chain mail (worn)
 r - a +1 pair of gloves (worn)
Jewellery
 k - an amulet of regeneration (around neck)
Wands
 x - a wand of iceblast (18)
Scrolls
 n - 2 scrolls of teleportation
 o - 2 scrolls of immolation
 p - a scroll of identify
 t - a scroll of fog
 y - a scroll of amnesia {unknown}
 A - a scroll of enchant armour {unknown}
Potions
 g - 2 potions of mutation
 h - 4 potions of flight
 i - a potion of ambrosia {unknown}
 j - 2 potions of brilliance
 q - 2 potions of berserk rage {unknown}
 s - a potion of heal wounds {unknown}
 u - 2 potions of degeneration {unknown}
 v - 2 potions of haste {unknown}
 z - a potion of lignification {unknown}


   Skills:
 - Level 3.0 Fighting
 + Level 10.6 Polearms
 - Level 1.5 Throwing
 - Level 2.4 Armour
 - Level 2.0 Dodging
 - Level 0.3 Stealth
 - Level 2.4 Shields


You had 8 spell levels left.
You didn't know any spells.
Your spell library was empty.

Dungeon Overview and Level Annotations

Branches:
Dungeon (9/15)             Temple (1/1) D:6
   Lair: D:8-11         Orc: D:9-12

Altars:
Ashenzari
Cheibriados
Elyvilon
Fedhas
Gozag
Hepliaklqana
Ru
Sif Muna
Uskayaw
The Shining One

Shops:
D:6 =

Annotations:
D:5 Menkaure
D:7 3 runed translucent doors, frankcastle's ghost, novice FoFi


Innate Abilities, Weirdness & Mutations

You are completely covered in rugged brown scales. (AC +3, +7% HP)
You have supernaturally acute eyesight. (SInv)
Armour fits poorly on your strangely shaped body.
You can roll at foes to attack.
You have a long armoured tail.
Your life essence is reduced to manifest your ancestor. (-10% HP)


Message History

You regained 6 hp, and now have 23/66 hp.
Evoke which item? (* to show all) (? for menu, Esc to quit)
Aiming: Iceblast
Press: ? - help, Shift-Dir - straight line The mass of ice explodes!
The iceblast engulfs the hornet!
The hornet is heavily wounded.
You feel sick. You block the hornet's attack. The hornet stings you!
* * * LOW HITPOINT WARNING * * *
You feel as though you will be slow longer.
You take 14 damage, and have 9/66 hp.
MASSIVE DAMAGE!!
Evoke which item? (* to show all) (? for menu, Esc to quit)
Okay, then.
Okay, then.
Evoke which item? (* to show all) (? for menu, Esc to quit)
Aiming: Iceblast
Press: ? - help, Shift-Dir - straight line The mass of ice explodes!
The iceblast engulfs the hornet.
The hornet is severely wounded.
You feel sick. The hornet stings you!
You die...

#.....##..........#
#.....##.#.....#..#
#..(..#...........#
#.....#..#.⌠.⌠.#..#
#.....#...........#
#.....#..#.....#..#
#######....._.....#
+#########...#..#.....#..#
.........@y..+...........#
.............#..#.⌠.⌠.#.##
........####+#............
........#.......#.....#...
........#.................
#
........#............#....
#
........#............#.)..
#
+######'#............#....
#####
.............####....#....


You could see a hornet.

Vanquished Creatures
  Eustachio (D:4)
  2 sky beasts
  A black bear (D:6)
  2 ice beasts
  An ogre (D:6)
  A centaur (D:4)
  A wyvern skeleton (D:8)
  2 wights (D:7)
  2 howler monkeys
  2 orc priests (D:6)
  A bullfrog skeleton (D:6)
  5 hounds
  A gnoll shaman (D:6)
  An orc wizard (D:7)
  Ijyb (D:3)
  3 iguanas
  7 worker ants
  Natasha (twice) (D:4)
  A killer bee zombie (D:4)
  Robin (D:3)
  3 gnolls
  10 adders
  2 white imps (D:5)
  2 oozes
  3 adder skeletons
  3 worms
  4 dart slugs
  6 leopard geckos
  15 orcs
  2 ball pythons
  11 bats
  2 giant cockroaches
  4 hobgoblins
  7 jackals (D:3)
  5 kobolds
  4 quokkas
  6 frilled lizards
  22 goblins
  A jackal zombie (D:5)
  6 rats
156 creatures vanquished.

Vanquished Creatures (collateral kills)
  An orc warrior (D:7)
  A wight (D:7)
  A bullfrog zombie (D:7)
  A centaur zombie (D:7)
  A jelly (D:8)
  An orc wizard (D:7)
  A gnoll (D:6)
  An adder (D:7)
  2 orcs (D:7)
  A quokka (D:7)
11 creatures vanquished.

Vanquished Creatures (others)
  An orc wizard (D:7)
  2 ancestors
3 creatures vanquished.

Grand Total: 170 creatures vanquished

Notes
Turn   | Place    | Note
-------+----------+-------------------------------------------
     0 | D:1      | jasper the Palentonga Fighter began the quest for the Orb.
     0 | D:1      | Reached XP level 1. HP: 20/20 MP: 1/1
   202 | D:1      | Reached skill level 2 in Polearms
   486 | D:1      | Reached XP level 2. HP: 27/27 MP: 2/2
  1166 | D:2      | Reached skill level 3 in Polearms
  1166 | D:2      | Reached XP level 3. HP: 31/33 MP: 3/3
  1513 | D:2      | Reached XP level 4. HP: 38/40 MP: 4/4
  1738 | D:3      | Noticed Robin
  1741 | D:3      | Reached skill level 1 in Dodging
  1761 | D:3      | Reached skill level 1 in Throwing
  1764 | D:3      | Killed Robin
  1965 | D:3      | Reached XP level 5. HP: 48/48 MP: 5/5
  2050 | D:3      | Reached skill level 4 in Polearms
  2176 | D:3      | Noticed Ijyb
  2195 | D:3      | Killed Ijyb
  2730 | D:4      | Noticed a centaur
  2731 | D:4      | Reached XP level 6. HP: 54/54 MP: 6/6
  2731 | D:4      | Noticed an ice beast
  2744 | D:4      | Reached skill level 5 in Polearms
  2750 | D:4      | Killed an ice beast
  3003 | D:4      | Noticed Eustachio
  3013 | D:4      | Found a shimmering blue altar of Sif Muna.
  3020 | D:4      | Killed Eustachio
  3020 | D:4      | Reached skill level 6 in Polearms
  3020 | D:4      | Reached XP level 7. HP: 58/60 MP: 7/7
  3044 | D:4      | Noticed Natasha
  3048 | D:4      | Killed Natasha
  3358 | D:5      | Entered Level 5 of the Dungeon
  3409 | D:5      | Found a broken altar of Ashenzari.
  3595 | D:5      | Reached skill level 7 in Polearms
  4059 | D:5      | Noticed Menkaure
  4161 | D:4      | Noticed Natasha
  4169 | D:4      | Killed Natasha
  4412 | D:6      | Found Caus Cuu's Jewellery Shoppe.
  4459 | D:6      | Reached skill level 8 in Polearms
  4459 | D:6      | Reached XP level 8. HP: 49/67 MP: 8/8
  4553 | D:6      | Found a staircase to the Ecumenical Temple.
  4873 | D:6      | Found a glowing golden altar of the Shining One.
  5033 | Temple   | Entered the Ecumenical Temple
  5073 | Temple   | Became a worshipper of Hepliaklqana the Forgotten
  5103 | D:6      | Reached skill level 9 in Polearms
  5435 | D:7      | Found a runed translucent gate.
  5436 | D:7      | Found a runed translucent gate.
  5437 | D:7      | Found a runed translucent gate.
  5439 | D:7      | Noticed frankcastle's ghost (novice FoFi)
  5635 | D:7      | Reached skill level 10 in Polearms
  5746 | D:7      | Reached XP level 9. HP: 66/66 MP: 9/9
  5912 | D:8      | Noticed a two-headed ogre
  5963 | D:8      | Found a white marble altar of Elyvilon.
  6006 | D:8      | Reached * piety under Hepliaklqana
  6095 | D:8      | Paralysed by a hornet for 3 turns
  6100 | D:8      | Slain by a hornet

Illustrated notes

Levels and vault maps discovered:
D:1:      dpeg_arrival_round_a, layout_loops_corners, serial_forest,
          infiniplex_forest_clump_medium, infiniplex_forest_lined_3_way,
          infiniplex_forest_clump_double, infiniplex_forest_clump_tiny,
          infiniplex_forest_straight_3, infiniplex_forest_lined_3,
          infiniplex_forest_clump_tiny, infiniplex_forest_fountain
D:2:      layout_basic
D:3:      layout_basic, uniq_ijyb, uniq_robin
D:4:      layout_basic, nicolae_overflow_hidden_temple, uniq_eustachio,
          uniq_natasha
D:5:      layout_layer_cave, corexii_corridor_pit, ashenzari_altar_1,
          uniq_menkaure
D:6:      layout_loops_ring, minmay_temple_entry_from_below_a, serial_shops,
          kennysheep_mini, tso_altar
D:7:      layout_basic, ebering_ghost_rock_garden
D:8:      layout_gridville, minmay_overflow_temple_star_quad, serial_shops,
          nicolae_shop_stone, st_stairs_11, elyvilon_altar_5
D:9:      layout_basic, grunt_temple_overflow_lords_of_destruction, basic_altar
Temple:   eino_temple_scatter_basement

Skill      XL: |  1  2  3  4  5  6  7  8 |
---------------+-------------------------+-----
Polearms       | 2 3 4 6 8 10 | 10.6
Dodging        | 1 2 |  2.0
Throwing       | 1 |  1.5
Fighting       | |  3.0
Armour         | |  2.4
Stealth        | |  0.3
Shields        | |  2.4

Action                   |  1- 3 |  4- 6 |  7- 9 || total
-------------------------+-------+-------+-------++-------
Melee: Trident           |   125 |   173 |   306 ||   604
       Tailslap          |    11 |    20 |    40 ||    71
Throw: Boomerang         |    17 |    46 |    41 ||   104
 Abil: Rolling Charge    |       |     3 |    23 ||    26
Evoke: Wand              |       |    11 |     9 ||    20
  Use: Potion            |       |     1 |     3 ||     4
       Scroll            |       |       |    12 ||    12
 Stab: Sleeping          |       |       |     5 ||     5
Armor: Scale mail        |    58 |    91 |    75 ||   224
       Chain mail        |       |       |    19 ||    19
Dodge: Dodged            |    24 |    41 |    54 ||   119
Block: Kite shield       |    52 |    81 |    91 ||   224

Table legend: (Time is in decaauts)
 A = Elapsed time spent in this place.
 B = Non-inter-level travel time spent in this place.
 C = Inter-level travel time spent in this place.
 D = Time resting spent in this place.
 E = Time spent auto-exploring this place.
 F = Levels seen in this place.
 G = Mean time per level.
                   A        B        C        D        E       F      G
               +--------+--------+--------+--------+--------+-----+--------+
         Total |   6188 |   5853 |    335 |    140 |   4416 |  10 |  618.8 |
       Dungeon |   6130 |   5811 |    319 |    140 |   4381 |   9 |  681.1 |
        Temple |     57 |     41 |     16 |      0 |     35 |   1 |   57.0 |
               +--------+--------+--------+--------+--------+-----+--------+

Top non-repeatable levels by time:
     D:3: 1137 daAuts
     D:1: 1114 daAuts
     D:6: 841 daAuts
     D:7: 819 daAuts
     D:4: 782 daAuts
     D:5: 753 daAuts
     D:2: 521 daAuts
     D:8: 129 daAuts
  Temple: 57 daAuts
     D:9: 31 daAuts
